[Event "GrandPrix_29.05"]
[Site "Chess.com"]
[Date "2020.05.29"]
[Round "7"]
[White "Murad_Ibrahimli"]
[Black "Bacyanide"]
[Result "1/2-1/2"]
[WhiteElo "2615"]
[BlackElo "2535"]
[TimeControl "600+2"]
[EndTime "12:33:34 PDT"]
[Termination "Game drawn - insufficient material"]

1. d4 d5 2. c4 e6 3. Nf3 Nf6 4. g3 c5 5. cxd5 exd5 6. Bg2 Nc6 7. O-O Be7 8. Nc3 O-O 9. dxc5 Bxc5 10. Bg5 d4 11.
Bxf6 Qxf6 12. Nd5 Qd8 13. Nd2 Re8 14. Rc1 Bb6 15. Re1 Bg4 16. Nf4 d3 17. Nxd3 Bxe2 18. Rxe2 Qxd3 19. Rxe8+ Rxe8 20. Nc4 Qxd1+ 21. Rxd1 Bc5 22.
Bxc6 bxc6 23. Kf1 h5 24. Rd7 h4 25. gxh4 Re4 26. b3 Rxh4 27. Kg2 Rf4 28. f3 g5 29. h3 Kg7 30. Nd2 Rd4 31. Rxd4 Bxd4 32. Nc4 Bc3 33. f4 Kg6 34. Kf3 f5 35. fxg5 Kxg5 36.
h4+ Kf6 37. Kf4 Be1 38. h5 Bh4 39. Na5 Bg5+ 40. Kf3 c5 41. Nb7 Bd2 42. Nd6 Bc1 43.
Nb5 a6 44. Nc7 a5 45. Na6 Kg5 46. Nxc5 Kxh5 47. Nd3 Bd2 48. Ke2 Bc3 49. Nf4+ Kg5 50. Nd5 Bb4 51. Kf3 Ba3 52. Nb6 Bb4 53. a4 Bc3 54. Nd5 Bd4 55. b4 axb4 56. Nxb4 Kf6 57. Nc6 Bc5 58. a5 Ke6 59. a6 Kd6 60. a7 Bxa7 61.
Nxa7 Kc7 62. Kf4 Kb6 63. Nc8+ Kc7 64. Ne7 Kd7 65. Nxf5 1/2-1/2

[Event "GrandPrix_29.05"]
[Site "Chess.com"]
[Date "2020.05.29"]
[Round "7"]
[White "chessfreak35"]
[Black "KJakubowski"]
[Result "1-0"]
[WhiteElo "2518"]
[BlackElo "2467"]
[TimeControl "600+2"]
[EndTime "12:33:43 PDT"]
[Termination "chessfreak35 won by resignation"]

1. e4 c5 2. Nf3 e6 3. d4 cxd4 4.
Nxd4 Nc6 5. Nc3 Qc7 6. Qd3 a6 7.
Nxc6 bxc6 8. Qg3 Qxg3 9. hxg3 Nf6 10. f3 d5 11. g4 dxe4 12. g5 Nd5 13. Nxe4 Nb4 14.
Kd1 Bb7 15. c3 O-O-O+ 16. Bd2 Nd5 17. Kc2 Be7 18. Bd3 c5 19. a3 e5 20. Rh4 h6 21. Rah1 Rhf8 22. gxh6 Bxh4 23. Rxh4 gxh6 24. Nxc5 Rg8 25. g4 Rd6 26. c4 Nf4 27. Bf5+ Kc7 28. Ba5+ Kb8 29. Bc3 f6 30. Rxh6 Rgd8 31. g5 Ne2 32.
Nxb7 Kxb7 33. g6 Nd4+ 34. Bxd4 Rxd4 35. Be6 Rd2+ 36. Kb1 Rg2 37. Rh7+ Kb6 38. g7 Rdd2 39.
c5+ Kxc5 40. g8=Q Rxb2+ 41. Ka1 Rxg8 42. Kxb2 Rg3 43. Rh3 Rg1 44. Bf5 Kd4 45. Rh6 Ke3 46.
Be4 f5 47. Bxf5 Kxf3 48. Rxa6 e4 49. Re6 e3 50. Bd3 Rd1 51. Bb5 Rd5 52. a4 Rd2+ 53. Kc3 Rd1 54. a5 Ra1 55. a6 Kf2 56. Kb4 Ra2 57. Kc5 Rc2+ 58. Kb6 Rc8 59. a7 Rd8 60. Kb7 e2 61. Rxe2+ 1-0

[Event "GrandPrix_29.05"]
[Site "Chess.com"]
[Date "2020.05.29"]
[Round "7"]
[White "Inkalubo"]
[Black "Sunnika"]
[Result "0-1"]
[WhiteElo "1809"]
[BlackElo "2090"]
[TimeControl "600+2"]
[EndTime "12:33:43 PDT"]
[Termination "Sunnika won on time"]

1. Nf3 Nf6 2. g3 d5 3. Bg2 c6 4.
O-O Bg4 5. c4 e6 6. d3 Nbd7 7. Qb3 Nc5 8. Qc2 a5 9. Be3 Nfd7 10.
Na3 Bd6 11. Bd4 O-O 12. e4 dxe4 13. dxe4 Bxf3 14. Bxf3 e5 15. Be3 Ne6 16. Rad1 Qe7 17. Bg4 Bxa3 18. bxa3 Ndc5 19. Qb2 f6 20. f3 Rfd8 21.
Qb6 Nd4 22. Rd2 Na4 23. Qb1 Qxa3 24. Bxd4 exd4 25. Qxb7 Qe3+ 26. Rff2 Nc3 27. Qxc6 d3 28. Kg2 Rab8 29. Qc7 Qb6 30. Qf4 Qc5 31. Be6+ Kf8 32. Bd5 Qd4 33. Qf5 g6 34. Qe6 Kg7 35. h4 Re8 36.
Qf7+ Kh6 37. g4 Rf8 38. Qe7 Nxd5 39. cxd5 Qe5 40. Qxe5 fxe5 41. Rxd3 a4 42. Ra3 Rb4 43. Rc2 Rfb8 44. Kg3 Kg7 45. g5 Kf8 46. Rc7 Kg8 47.
Ra7 Rb1 48. R7xa4 Rc8 49. Ra8 Rxa8 50. Rxa8+ Kf7 51. a4 Ra1 52. a5 Ke7 53. a6 Kd6 54. a7 Kc7 55. Rh8 Rxa7 56. Rxh7+ Kb6 57. Rb7+ Kxb7 0-1

[Event "GrandPrix_29.05"]
[Site "Chess.com"]
[Date "2020.05.29"]
[Round "7"]
[White "Meizon19"]
[Black "Evgeny81"]
[Result "1/2-1/2"]
[WhiteElo "2326"]
[BlackElo "2452"]
[TimeControl "600+2"]
[EndTime "12:33:47 PDT"]
[Termination "Game drawn by agreement"]

1. e4 e5 2. Nf3 Nc6 3. Nc3 Nf6 4. Be2 Bd6 5. O-O O-O 6. d3 Re8 7. Bg5 h6 8. Bh4 Be7 9. Bg3 d6 10. Nd2 Nd4 11. f4 exf4 12. Bxf4 d5 13. e5 Nh7 14.
Nf3 Nxe2+ 15. Qxe2 c5 16. d4 Be6 17. Rad1 Qb6 18. Na4 Qc6 19. Nxc5 Bxc5 20. dxc5 Qxc5+ 21. Nd4 Nf8 22. Qf2 a6 23. Rd3 Ng6 24. Bg3 Kh7 25.
Rc3 Qe7 26. Nf5 Bxf5 27. Qxf5 Kg8 28. h3 Qe6 29. Rc7 Qxf5 30. Rxf5 Re7 31. Rc3 Nf8 32.
Rd3 Rd7 33. Rf1 d4 34. Rfd1 Ne6 35. c3 Rad8 36. cxd4 Rxd4 37. Rxd4 Rxd4 38. Rxd4 Nxd4 39. Bf2 Nc6 40. Bg3 Kf8 41. Kf2 Nb4 42. Ke3 Nxa2 43.
Be1 Ke7 44. Bd2 Ke6 45. Kd4 b5 46. b4 h5 47. Ke4 h4 48. Kd4 Kf5 49. Kd5 g5 50.
Kd6 Ke4 51. Bxg5 Nxb4 52. Bxh4 Nd3 53. Bf6 b4 54. g4 Nf4 55. e6 Nxe6 56. h4 Nd4 57.
Kc5 Ne6+ 58. Kxb4 Kf4 59. g5 Kg4 60. Ka5 Nf8 61. Kxa6 Kh5 62. Kb5 Ng6 63. Kc5 Nxh4 64. Kd4 Nf3+ 65. Ke4 Nxg5+ 66. Kf5 Ne6 67. Be7 Ng7+ 68.
Kf6 1/2-1/2

[Event "GrandPrix_29.05"]
[Site "Chess.com"]
[Date "2020.05.29"]
[Round "7"]
[White "Grandelicious"]
[Black "yamalchess"]
[Result "1-0"]
[WhiteElo "2667"]
[BlackElo "2428"]
[TimeControl "600+2"]
[EndTime "12:33:51 PDT"]
[Termination "Grandelicious won by resignation"]

1. Nf3 f5 2. d3 Nc6 3. e4 e5 4. d4 fxe4 5. Nxe5 Nf6 6. Bc4 d5 7. Bb5 Bd7 8. Nxd7 Qxd7 9. Bg5 Be7 10. O-O O-O 11. c3 Qf5 12. Bh4 Nd8 13. f3 c6 14. Ba4 Ne6 15. Qe1 Rae8 16. fxe4 Qxe4 17. Nd2 Qxe1 18. Raxe1 Bd6 19. Bxf6 Rxf6 20. Rxf6 gxf6 21. Bd1 Re7 22. g3 f5 23. Bc2 Ng7 24. Rxe7 Bxe7 25. Nf3 Kf7 26. Kf2 Bd6 27. Nh4 Kf6 28. Kf3 h6 29.
Ng2 Ne6 30. Ne3 Ng5+ 31. Kg2 f4 32. Nf5 f3+ 33. Kf2 Bf8 34. Ne3 h5 35. h4 Ne4+ 36.
Kxf3 Nd6 37. Ng2 Bh6 38. Nf4 Nc4 39. Nxh5+ Kf7 40. b3 Nd6 41. Bd3 Bd2 42. c4 Bc3 43. cxd5 cxd5 44. Nf4 Bxd4 45. Nxd5 a5 46. g4 Kg7 47. g5 Nf7 48. Ke4 Bb2 49. Ne3 b5 50. Nf5+ Kf8 51. Bxb5 Bc3 52. Bc4 Ne5 53. h5 a4 54. h6 axb3 55. axb3 Ng6 56. Kf3 Ne5+ 57. Kf4 Bb2 58. Ng7 Ng6+ 59. Kf5 Ne7+ 60. Ke6 Bc1 61. Nf5 Ng6 62. Kf6 Nf4 63. g6 Nh5+ 64. Ke5 Bxh6 65. Nxh6 Kg7 66. Nf5+ Kxg6 67. Nd6 Nf6 68. Bd3+ Kg7 69. b4 Nd7+ 70. Ke6 Nb6 71. Nc4 Na4 72. Kd6 Kf6 73. b5 Kf7 74. Bc2 Nc3 75. b6 Nb5+ 76. Kc5 1-0

[Event "GrandPrix_29.05"]
[Site "Chess.com"]
[Date "2020.05.29"]
[Round "7"]
[White "Sakkcapak"]
[Black "kosmeg"]
[Result "1/2-1/2"]
[WhiteElo "2098"]
[BlackElo "2048"]
[TimeControl "600+2"]
[EndTime "12:33:55 PDT"]
[Termination "Game drawn by agreement"]

1. c4 e5 2. g3 Nf6 3. Bg2 c6 4.
Nf3 e4 5. Nd4 d5 6. d3 Bc5 7.
Nb3 Bb4+ 8. Bd2 Bxd2+ 9. Qxd2 O-O 10. Nc3 exd3 11. Qxd3 dxc4 12. Qxc4 Be6 13. Qa4 Nbd7 14. O-O Qb6 15. Nd4 Nc5 16. Qc2 Bg4 17. e3 Ne6 18. Nxe6 Bxe6 19. Na4 Qb5 20. Rfc1 Rad8 21.
Nc5 Bc8 22. Rd1 b6 23. Ne4 Nd5 24. a4 Qb4 25. Rd4 Qe7 26. Qxc6 Bb7 27. Qb5 Nc7 28.
Qd3 Ne6 29. Rxd8 Rxd8 30. Qe2 f5 31. Nc3 Bxg2 32. Kxg2 Qb7+ 33. f3 Nc5 34. Rd1 Rxd1 35. Qxd1 Kf7 36. b4 Ne6 37. Qd5 Qxd5 38. Nxd5 Nd8 39.
Kf2 Ke6 40. Nc7+ Ke5 41. Nb5 Nc6 42. Ke2 a6 43. Na3 Nxb4 44. Nc4+ Kd5 45. Nxb6+ Kc5 46. Nd7+ Kc4 47. Nf8 Kb3 48. e4 fxe4 49. fxe4 Kxa4 50. e5 Kb5 51. e6 Nd5 52. Nxh7 a5 53. Ng5 a4 54. Kd2 a3 55. Kc2 Kc4 56. Ne4 Kd4 57.
Nc3 Ne7 58. Nb5+ Ke5 59. Nxa3 Kxe6 60. Kd3 Kf5 61. Ke3 Kg4 62. Kf2 Nf5 63. Nc2 Kh3 64. Kg1 Nxg3 65. hxg3 Kxg3 1/2-1/2

[Event "GrandPrix_29.05"]
[Site "Chess.com"]
[Date "2020.05.29"]
[Round "7"]
[White "LuckyLuka04"]
[Black "lelajavakhishvili"]
[Result "0-1"]
[WhiteElo "2158"]
[BlackElo "2181"]
[TimeControl "600+2"]
[EndTime "12:33:58 PDT"]
[Termination "lelajavakhishvili won by resignation"]

1. d4 Nf6 2. Nf3 e6 3. Bf4 b6 4. e3 Bb7 5. h3 d6 6. Bd3 Nbd7 7. Bh2 g6 8. Nbd2 Bg7 9. e4 O-O 10. O-O Qe7 11. Re1 e5 12. c3 Nh5 13. a4 a5 14.
Nc4 h6 15. Ne3 Rae8 16. Qc2 Qd8 17. Rad1 Nf4 18. Bxf4 exf4 19. Nc4 d5 20. Ncd2 Nf6 21. e5 Nh7 22. b4 Bc8 23. Nb3 Ng5 24. Nh2 Bd7 25.
bxa5 Bxa4 26. axb6 cxb6 27. Qa2 Bc6 28. f3 Ne6 29. Ra1 Qg5 30. Qf2 Ra8 31. Rxa8 Rxa8 32. Ra1 Rxa1+ 33. Nxa1 h5 34. Nc2 Bf8 35. Qe1 Qd8 36.
Qa1 Be7 37. Qa7 Ng5 38. Qa2 Qd7 39. Nf1 Kg7 40. Qb2 Bd8 41. Nb4 Bb7 42. Qe2 Qc7 43. Qd2 Ne6 44. Bb1 Be7 45. Nd3 Bg5 46. Ba2 Qd7 47.
Qb2 Bd8 48. Nb4 Qb5 49. Qb3 Bh4 50. Qc2 Nxd4 51. cxd4 Qxb4 52. Qd2 Be1 53. Qd3 Qb2 54.
Bb3 Bc6 55. Bc2 Bb5 56. Qd1 Bc3 57. Nh2 Bxd4+ 58. Kh1 Bxe5 59. Bb1 Qe2 60. Qc1 Bc4 61. Kg1 Bd4+ 62. Kh1 b5 63. Bc2 b4 64. Qb1 b3 65.
Bxb3 Bxb3 0-1

[Event "GrandPrix_29.05"]
[Site "Chess.com"]
[Date "2020.05.29"]
[Round "7"]
[White "Frozygul"]
[Black "Korchmar_Vasiliy"]
[Result "0-1"]
[WhiteElo "2126"]
[BlackElo "2081"]
[TimeControl "600+2"]
[EndTime "12:33:58 PDT"]
[Termination "Korchmar_Vasiliy won by resignation"]

1. d4 Nf6 2. c3 g6 3. Nf3 Bg7 4. Bf4 O-O 5. e3 b6 6. Be2 Bb7 7. Nbd2 d6 8. Bg3 Nbd7 9. O-O e6 10. Qc2 Qe7 11. a4 a5 12. Rfd1 h6 13. Rac1 Nh5 14. Ne1 Nxg3 15. hxg3 f5 16. Bf3 d5 17. b4 e5 18. dxe5 Nxe5 19. b5 Kh7 20. c4 Nxf3+ 21. Nexf3 dxc4 22. Qxc4 Rac8 23. Nd4 Rfd8 24. Nc6 Bxc6 25.
Qxc6 Qb4 26. Nf3 Qxa4 27. Rd7 Qe4 28. Nd4 a4 29. Rxg7+ Kxg7 30. Ne6+ Kf7 31. Nxd8+ Rxd8 32. Qxc7+ Ke8 33. Qxb6 f4 34. Rc6 fxg3 35. Re6+ Kf7 36. Rf6+ Ke7 37. fxg3 Rd1+ 38. Kh2 Rd2 39. Qc5+ Kxf6 40.
Qc3+ Qe5 41. Qxd2 Qh5+ 42. Kg1 Qxb5 43. Qd6+ Kf7 44. Qf4+ Ke6 45. Qxh6 Qd3 46. Qh3+ Ke5 47. Kf2 a3 48. Qh8+ Kd5 49. Qd8+ Kc4 50. Qc7+ Kb3 51. Qb6+ Kc2 52. Qc5+ Kb2 53. Qb4+ Qb3 54. Qd4+ Qc3 55. Qb6+ Kc1 56. Ke2 Qb2+ 57. Kf3 Qxb6 0-1

[Event "GrandPrix_29.05"]
[Site "Chess.com"]
[Date "2020.05.29"]
[Round "7"]
[White "DaviD-GevorG"]
[Black "BlackBoarder"]
[Result "0-1"]
[WhiteElo "1832"]
[BlackElo "2142"]
[TimeControl "600+2"]
[EndTime "12:33:58 PDT"]
[Termination "BlackBoarder won by checkmate"]

1. Nf3 Nf6 2. g3 g6 3. Bg2 Bg7 4. d4 O-O 5. c4 c6 6. O-O d5 7. cxd5 cxd5 8. Ne5 Nc6 9. Nxc6 bxc6 10. Nd2 Nd7 11. Nb3 e5 12. e4 exd4 13. Nxd4 Qb6 14. Nb3 Ba6 15. Re1 d4 16. f4 c5 17. e5 Bb7 18.
Nd2 Bxg2 19. Kxg2 Rfe8 20. Nc4 Qa6 21. b3 f6 22. Nd6 Qc6+ 23. Kg1 Re6 24. exf6 Qxd6 25.
Rxe6 Qxe6 26. fxg7 Re8 27. Bd2 Kxg7 28. Qc2 Qd5 29. Re1 Rxe1+ 30. Bxe1 Nf6 31. Qd3 h5 32. h3 Kf7 33. Qa6 Qd7 34. Qc4+ Qd5 35. Qa6 Qd7 36. Qc4+ Qe6 37. Qxe6+ Kxe6 38. Kf2 Kd5 39.
Kf3 Ne4 40. g4 Nd6 41. Bh4 Nb5 42. f5 hxg4+ 43. Kxg4 gxf5+ 44. Kxf5 d3 45. Be1 Nd4+ 46. Kf4 c4 47. bxc4+ Kxc4 48. h4 Ne6+ 49. Ke3 Ng7 50. Bd2 Nf5+ 51. Ke4 Nxh4 52. Ke5 Nf3+ 53. Kd6 Nxd2 54.
Kc7 Nb1 55. Kb7 a5 56. Ka6 a4 57. Ka5 a3 58. Ka4 d2 59. Ka5 d1=Q 60. Ka6 Qd6+ 61. Ka5 Qc7+ 62. Ka6 Qb8 63. Ka5 Qb5# 0-1

[Event "GrandPrix_29.05"]
[Site "Chess.com"]
[Date "2020.05.29"]
[Round "7"]
[White "troisi"]
[Black "Martin_Petrov2000"]
[Result "0-1"]
[WhiteElo "1570"]
[BlackElo "2043"]
[TimeControl "600+2"]
[EndTime "12:34:00 PDT"]
[Termination "Martin_Petrov2000 won by checkmate"]

1. e4 c5 2. c3 Nf6 3. e5 Nd5 4.
d4 cxd4 5. cxd4 d6 6. Nf3 Nc6 7. Bc4 Nb6 8. Bb5 dxe5 9. Nxe5 Bd7 10. Nxc6 Bxc6 11. Bxc6+ bxc6 12. O-O e6 13. Nc3 Be7 14. Qf3 Qd7 15. Rd1 O-O 16. Be3 Nd5 17. Rac1 Rab8 18. Na4 Rfc8 19. b3 Nb4 20. Bf4 Rb5 21. Nc3 Rf5 22. Qg3 h5 23. Be3 Bd6 24. Qh4 Nd5 25. Ne4 Be7 26. Qh3 a5 27. Ng3 Nxe3 28.
fxe3 Rg5 29. Nxh5 Qd5 30. Nf4 Qe4 31. Rf1 c5 32. d5 Rd8 33. Rc4 Qe5 34. dxe6 f6 35. Qf3 Rd2 36. h4 Rf5 37. g4 Rxf4 38.
exf4 Qxe6 39. Re4 Qd7 40. Rfe1 Bf8 41. R4e2 Rd3 42. Re3 Rd2 43. R1e2 Rd1+ 44. Kg2 c4 45. Re8 c3 46. Qa8 Qxg4+ 47. Kf2 Qg1+ 48. Kf3 Rf1+ 49. Ke4 Qg6+ 50. Kd5 Kh7 51. Rxf8 Qd3+ 52. Kc5 Qxe2 53.
Rh8+ Kg6 54. h5+ Kf5 55. Re8 Qf2+ 56. Kc4 Qxf4+ 57. Kxc3 Qc1+ 58. Kd3 Rd1+ 59. Ke2 Qd2+ 60. Kf3 Qf4+ 61. Kg2 Rd2+ 62. Kg1 Qf2+ 63. Kh1 Qf1# 0-1

[Event "GrandPrix_29.05"]
[Site "Chess.com"]
[Date "2020.05.29"]
[Round "7"]
[White "vladislavkovalev"]
[Black "francyIM"]
[Result "1-0"]
[WhiteElo "2773"]
[BlackElo "2582"]
[TimeControl "600+2"]
[EndTime "12:34:05 PDT"]
[Termination "vladislavkovalev won by resignation"]

1. e4 e5 2. Nf3 Nc6 3. Bb5 a6 4. Ba4 Nf6 5. O-O b5 6. Bb3 Bb7 7. d3 Bc5 8. Nc3 h6 9. a3 d6 10. Ne2 O-O 11. Ng3 Bb6 12. h3 d5 13. exd5 Nxd5 14. Re1 Re8 15. Bd2 Qd7 16. Ne4 Nd4 17.
Nxd4 exd4 18. Qg4 Qxg4 19. hxg4 Rad8 20. Bxh6 Ba5 21. Bd2 Rxe4 22. dxe4 Bxd2 23. Red1 Nf6 24. Rxd2 Nxe4 25. Re2 c5 26. f3 Nd6 27. Rd1 Kf8 28.
Ba2 Nc4 29. b4 Nb2 30. Rb1 Na4 31. Rbe1 c4 32. Re5 Nc3 33. Bb1 Bd5 34. g5 g6 35.
Kf2 Be6 36. g4 d3 37. cxd3 cxd3 38. R5e3 Bc4 39. Rc1 d2 40. Rexc3 dxc1=Q 41. Rxc1 Rd2+ 42. Kg3 Bd5 43. Rc5 Ke7 44. Kf4 Kd6 45. Bc2 Rf2 46. Rc3 Rd2 47. Be4 Bc4 48. Re3 Rd4 49.
Re1 Rd2 50. Rc1 Kc7 51. Ke5 Kb6 52. Rc2 Rd1 53. Rc3 a5 54. f4 Rg1 55. Bd3 axb4 56. axb4 Rg3 57. Bxc4 Rxc3 58. Bxf7 Re3+ 59. Kd4 Rf3 60.
Ke4 Rg3 61. Bxg6 Rxg4 62. Bf7 Kc7 63. Kf5 Rg1 64. Kf6 Kd6 65. g6 1-0

[Event "GrandPrix_29.05"]
[Site "Chess.com"]
[Date "2020.05.29"]
[Round "7"]
[White "etserga"]
[Black "ChessQueen"]
[Result "1/2-1/2"]
[WhiteElo "2082"]
[BlackElo "2037"]
[TimeControl "600+2"]
[EndTime "12:34:07 PDT"]
[Termination "Game drawn by repetition"]

1. Nf3 Nf6 2. c4 b6 3. b3 Bb7 4. e3 e6 5. Bb2 Be7 6. Nc3 d5 7. g3 Nbd7 8. d4 Ne4 9. Bg2 c5 10. O-O Nxc3 11. Bxc3 O-O 12. cxd5 Bxd5 13. Qe2 cxd4 14. Bxd4 Nc5 15. Rfd1 Qc8 16. Ne1 Bxg2 17. Nxg2 Qb7 18. Nf4 Ne4 19. f3 Nf6 20. e4 Rfd8 21.
Kg2 Rxd4 22. Rxd4 e5 23. Rdd1 exf4 24. gxf4 Re8 25. Qb5 a6 26. Qc4 b5 27. Qd4 Nh5 28. e5 g6 29. Qe3 Bf8 30. f5 Qe7 31. fxg6 hxg6 32. Rd4 Bg7 33. Re4 Qa3 34. Kh3 Qb2 35. Re1 Kh7 36. f4 Qxa2 37. Qf3 Qb2 38. R1e2 Qa1 39. Re1 Qb2 40. R1e2 Qc1 41. f5 Qg5 42. f6 Bh6 43. e6 Nf4+ 44. Rxf4 Qxf4 45. Qxf4 Bxf4 46. Kg4 Bc1 47. e7 Ba3 48. Re4 Bd6 49. h4 a5 50. Kg5 a4 51. bxa4 bxa4 52. Rxa4 Bxe7 53. fxe7 Kg7 54. Ra7 f6+ 55. Kg4 Kf7 56.
h5 gxh5+ 57. Kxh5 Rxe7 58. Ra1 Re4 59. Ra6 Ke7 60. Rb6 Rd4 61. Ra6 Rd6 62. Ra5 Rd4 63. Ra6 Kf7 64. Rb6 Rc4 65. Ra6 Ke7 66. Rb6 Rf4 67. Ra6 Re4 68. Rb6 Rd4 69. Ra6 1/2-1/2

[Event "GrandPrix_29.05"]
[Site "Chess.com"]
[Date "2020.05.29"]
[Round "7"]
[White "Mesropov_Konstantin"]
[Black "GM_dmitrij"]
[Result "1/2-1/2"]
[WhiteElo "2325"]
[BlackElo "2470"]
[TimeControl "600+2"]
[EndTime "12:34:09 PDT"]
[Termination "Game drawn by repetition"]

1. c4 e5 2. g3 c6 3. Nf3 e4 4. Nd4 d5 5. cxd5 Qxd5 6. e3 Nf6 7. Nc3 Qe5 8. Bg2 Bc5 9. d3 Bg4 10. f3 exf3 11. Nxf3 Qh5 12. d4 Bb4 13. O-O O-O 14. Qb3 a5 15. Ne5 Be6 16. Qd1 Qxd1 17. Rxd1 Nbd7 18. Nxd7 Bxd7 19. e4 Bg4 20. Rd3 Rfe8 21.
h3 Bh5 22. e5 Nd7 23. a3 Bf8 24. Bf4 Rad8 25. g4 Bg6 26. Rdd1 Nb6 27. Ne4 Nd5 28. Bg5 Rd7 29. Re1 Nc7 30. Nd6 Bxd6 31.
exd6 Ne6 32. d5 cxd5 33. Be7 Nf4 34. Bf1 Bd3 35. Bg5 Ne2+ 36. Kf2 Rxd6 37. Bxe2 Be4 38. Bf3 Rb6 39. Re2 Rb3 40. Bxe4 Rxe4 41. Rxe4 dxe4 42.
Be3 f6 43. Rc1 Rxb2+ 44. Kg3 g5 45. Rc3 b5 46. Bd4 Rb1 47. Bxf6 b4 48. axb4 axb4 49.
Rc8+ Kf7 50. Bxg5 b3 51. Rb8 Ke6 52. Be3 Kd5 53. Kh4 Kc4 54. Kg5 Kd3 55. Bf4 Kc2 56. Rc8+ Kd3 57. Rd8+ Kc2 58. Rc8+ Kd3 59. Rd8+ Ke2 60.
Re8 Kf3 61. Rb8 e3 62. Bxe3 Kxe3 63. h4 Kd4 64. Kh6 Kc4 65. h5 Rg1 66. g5 Kc3 67. Rc8+ Kd4 68. Rb8 Kc3 69. Rc8+ Kd3 70. Rb8 Kc3 1/2-1/2

[Event "GrandPrix_29.05"]
[Site "Chess.com"]
[Date "2020.05.29"]
[Round "7"]
[White "SamadovRead"]
[Black "Flawless_Fighter"]
[Result "0-1"]
[WhiteElo "1972"]
[BlackElo "2242"]
[TimeControl "600+2"]
[EndTime "12:34:09 PDT"]
[Termination "Flawless_Fighter won by resignation"]

1. d4 Nf6 2. c4 e6 3. g3 d5 4.
Bg2 Bb4+ 5. Nd2 O-O 6. Nf3 dxc4 7. Qc2 b5 8. a4 bxa4 9. O-O Bb7 10. Nxc4 a5 11. Bd2 Nbd7 12. Rxa4 c5 13. dxc5 Nxc5 14. Bxb4 Be4 15. Qd1 Qxd1 16. Rxd1 Nxa4 17. Bxf8 Kxf8 18. Ra1 Nc5 19. Rxa5 Rxa5 20. Nxa5 Ke7 21. Ne5 Bxg2 22. Kxg2 Nd5 23. Nec6+ Kd6 24. b4 Na6 25. b5 Nac7 26. Nb7+ Kd7 27. Nc5+ Ke8 28. e4 Nb6 29. Na7 e5 30.
Na6 Ne6 31. Nc6 f6 32. Kf3 Kd7 33. Ke3 g5 34. Kd3 g4 35. Kc3 Kd6 36. Kb4 h5 37. Ka5 Nc4+ 38. Kb4 Nd2 39. Na5 Nxe4 40. b6 Nd8 41. b7 Nxb7 42. Nxb7+ Kd5 43. Nbc5 Nxf2 44. Nd7 f5 45. Nf6+ Kd4 46. Nxh5 Ke3 47. Ng7 f4 48. Nf5+ Ke4 49. Nd6+ Kf3 50. gxf4 exf4 51. Nf5 Kg2 52. Nc5 Kxh2 53. Ne6 Nh3 54. Kc4 f3 55. Kd3 f2 56.
Ke2 Kg1 57. Ng3 Kg2 58. Nf1 Ng1+ 59. Ke3 Kxf1 60. Nf4 g3 61. Nh5 Kg2 62. Nxg3 Kxg3 63. Ke4 f1=Q 0-1

[Event "GrandPrix_29.05"]
[Site "Chess.com"]
[Date "2020.05.29"]
[Round "7"]
[White "Hrant_ChessMood"]
[Black "TimofeevAr"]
[Result "1/2-1/2"]
[WhiteElo "2822"]
[BlackElo "2669"]
[TimeControl "600+2"]
[EndTime "12:34:14 PDT"]
[Termination "Game drawn - insufficient material"]

1. d4 Nf6 2. c4 g6 3. Nc3 d5 4.
cxd5 Nxd5 5. e4 Nb6 6. Nf3 Bg7 7. Be2 Bg4 8. Be3 O-O 9. O-O Nc6 10. d5 Bxf3 11. gxf3 Ne5 12. Qb3 Qd7 13. Kg2 c6 14. Rad1 cxd5 15. Nxd5 Nxd5 16. Rxd5 Qc7 17. Rc1 Nc6 18.
Bb5 a6 19. Bxc6 bxc6 20. Rdc5 Rab8 21. Qc4 Bxb2 22. Rxc6 Qe5 23. Rc2 Rfd8 24. Rc5 Qe6 25. Qxe6 fxe6 26. Rc7 Kf7 27. Ra7 Bd4 28. Bxd4 Rxd4 29.
Rcc7 Re8 30. Rxa6 Rd2 31. Raa7 g5 32. a4 Kf6 33. a5 Ra2 34. Kg3 h5 35. Rc6 h4+ 36. Kg4 Rxf2 37. Raa6 Rg2+ 38. Kh3 Rf2 39. Rxe6+ Kf7 40. Kg4 Rxh2 41. Kxg5 Rf2 42. Kf4 Rg8 43. Re5 Rg3 44. Rf5+ Kg7 45. Ke3 Ra2 46. Re6 Ra3+ 47.
Kd4 Rgxf3 48. Rxe7+ Kg6 49. Re6+ Kg7 50. Rb5 h3 51.
Re7+ Rf7 52. Ree5 h2 53. Rh5 Rf2 54. Rbg5+ Kf7 55. Rh7+ Kf6 56. Rgh5 Rfa2 57. R7h6+ Kg7 58. Rh7+ Kg6 59. R7h6+ Kg7 60. Rxh2 Ra4+ 61. Ke3 Rxa5 62. Rh7+ Kg8 63. Rh8+ Kg7 64. R8h7+ Kg8 65. Rh8+ Kg7 66. R2h7+ Kg6 67. Rd7 Ra7 68. Rxa7 Rxa7 69. Rf8 Rf7 70.
Re8 Kf6 71. e5+ Kf5 72. Kd4 Rd7+ 73. Kc5 Rd1 74. Kc6 Rd2 75. Kc7 Rd1 76. Kc6 Rd2 77. Re7 Rd1 78. e6 Kf6 79. Rd7 Rc1+ 80. Kd6 Rd1+ 81. Kc7 Rc1+ 82. Kd6 Rd1+ 83. Kc6 Rc1+ 84. Kd5 Rd1+ 85. Ke4 Re1+ 86. Kd5 Rxe6 87. Rd6 Rxd6+ 88. Kxd6 1/2-1/2

[Event "GrandPrix_29.05"]
[Site "Chess.com"]
[Date "2020.05.29"]
[Round "7"]
[White "Tormoz"]
[Black "Artur0208"]
[Result "1-0"]
[WhiteElo "2480"]
[BlackElo "2310"]
[TimeControl "600+2"]
[EndTime "12:34:17 PDT"]
[Termination "Tormoz won by resignation"]

1. d4 d5 2. Nf3 Nf6 3. c4 e6 4. g3 dxc4 5. Bg2 Nc6 6. Qa4 Bb4+ 7. Bd2 Nd5 8. Bxb4 Nxb4 9. Nc3 Bd7 10. O-O a5 11.
Qd1 O-O 12. a3 Nd5 13. Na4 Nce7 14. Nc5 Bc6 15. Ne5 b6 16. Nxc6 Nxc6 17. Na4 Qd6 18. Nc3 Nxc3 19. bxc3 a4 20. d5 Ne7 21. dxe6 Qxd1 22. Rfxd1 Rad8 23. exf7+ Kxf7 24. Rxd8 Rxd8 25. Rb1 Rd2 26. Rb4 Rxe2 27. Rxc4 Re1+ 28. Bf1 Nd5 29. Kg2 Ke6 30. Rc6+ Kd7 31. Bb5 Kd8 32. Bxa4 Ra1 33. Bc2 g6 34. Rc4 c5 35. Ra4 Nxc3 36. Ra8+ Ke7 37.
Ra7+ Kf6 38. Rxh7 Ra2 39. Bb3 Rxa3 40. Rf7+ Ke5 41. Bc2 b5 42. Bxg6 b4 43. h4 b3 44.
h5 c4 45. h6 Ra8 46. h7 Kd4 47. Rg7 Rh8 48. Rg8 Rxh7 49. Bxh7 Nd5 50. Rb8 Kc5 51. g4 Nf4+ 52. Kg3 Ne2+ 53. Kh4 Kd4 54. g5 Nf4 55. g6 Ne6 56. Bg8 Ng7 57. Kg5 Kc3 58. Kh6 Nf5+ 59.
Kg5 Ng7 60. Bxc4 Kxc4 61. Kf6 Nh5+ 62. Kf7 Kc3 63. f4 b2 64. f5 Kc2 65. f6 b1=Q 66. Rxb1 Kxb1 67. g7 Nxf6 68. Kxf6 1-0

[Event "GrandPrix_29.05"]
[Site "Chess.com"]
[Date "2020.05.29"]
[Round "7"]
[White "Igrok3069"]
[Black "Sam_ChessMood"]
[Result "1/2-1/2"]
[WhiteElo "2672"]
[BlackElo "2616"]
[TimeControl "600+2"]
[EndTime "12:34:19 PDT"]
[Termination "Game drawn by agreement"]

1. d4 Nf6 2. Nf3 d5 3. c4 e6 4. Nc3 Be7 5. Bf4 O-O 6. e3 c5 7.
dxc5 Bxc5 8. a3 Nc6 9. Qc2 Qa5 10. Rd1 Rd8 11. Nd2 d4 12. Nb3 Qb6 13. Na4 Bb4+ 14. axb4 Qxb4+ 15. Nd2 Qa5 16. Qb3 e5 17. Bg5 Nb4 18. Bxf6 gxf6 19. Be2 Bd7 20. Ra1 dxe3 21. fxe3 b5 22. O-O bxa4 23. Qc3 f5 24. Nf3 f6 25. Nh4 Nc6 26. Qc2 Qc5 27. Nxf5 Bxf5 28. Qxf5 Qxe3+ 29. Qf2 Qxf2+ 30. Rxf2 Nd4 31. Rxa4 e4 32. Bh5 e3 33. Rf1 a5 34. Ra3 Nc2 35. Rc3 Rd2 36. Rc1 Nd4 37.
Rxe3 Rxb2 38. c5 Rc8 39. Ra3 Nb3 40. Bg4 Rxc5 41. Rxc5 Nxc5 42. Rxa5 Ne4 43. h4 Nd6 44.
Ra6 Rd2 45. Ra7 f5 46. Bf3 Ne4 47. Kh2 Rd4 48. Ra5 Nd2 49. Kg3 Nxf3 50. gxf3 Kg7 51. Rxf5 Ra4 52. Rb5 Kg6 53. Rb6+ Kg7 54. f4 Ra5 55.
Kg4 h5+ 56. Kf3 Ra4 57. Ke3 Rc4 58. Rb5 Kg6 59. Rg5+ Kh6 60. Rg1 Rc3+ 61. Ke4 Rh3 62. f5 Rxh4+ 63. Ke5 Ra4 64. f6 Ra5+ 65. Ke6 Ra6+ 66.
Ke7 Ra7+ 67. Ke6 Ra6+ 68. Ke5 1/2-1/2

[Event "GrandPrix_29.05"]
[Site "Chess.com"]
[Date "2020.05.29"]
[Round "7"]
[White "ninullia"]
[Black "Saxar85"]
[Result "1/2-1/2"]
[WhiteElo "2328"]
[BlackElo "2461"]
[TimeControl "600+2"]
[EndTime "12:34:20 PDT"]
[Termination "Game drawn - insufficient material"]

1. d4 d6 2. Nf3 g6 3. c4 Bg7 4.
Nc3 Bg4 5. g3 Bxf3 6. exf3 e6 7.
Bh3 d5 8. cxd5 exd5 9. Qb3 Ne7 10. Qxb7 Nbc6 11. Bg5 O-O 12. O-O Rb8 13. Qa6 Nxd4 14.
Kg2 h6 15. Bxe7 Qxe7 16. Nxd5 Qe5 17. Ne3 Rxb2 18. Rfe1 Qc5 19. Rac1 Qb6 20. Qc4 c6 21. Bd7 Rd8 22. Bh3 Qb5 23. a4 Qxc4 24. Rxc4 a5 25. f4 Rb4 26. f5 g5 27. Rec1 h5 28. Kh1 Rdb8 29. Bg2 Rb1 30. h3 R8b4 31. Rxb1 Rxb1+ 32. Kh2 Rb2 33. Kg1 Rb4 34. Rxb4 axb4 35. a5 b3 36. Nc4 c5 37. a6 Nb5 38. Na3 b2 39. Be4 Na7 40. Kf1 Kf8 41. Ke2 Ke7 42. Kd2 Kd6 43.
Kc2 Bd4 44. f3 Kc7 45. Nc4 Nb5 46. Nxb2 Bxb2 47. Kxb2 Kb6 48. f6 Kxa6 49. Bg6 Nd6 50. Bxh5 Kb6 51. h4 gxh4 52. gxh4 Kc6 53. Bg4 Kd5 54. h5 Ke5 55. h6 Kxf6 56. Bh5 Nf5 57. h7 Kg7 58. Bxf7 Kxh7 59. Kc3 Kg7 60. Bd5 Nd6 61.
Be6 Kf6 62. Bg8 Ke5 63. Kd3 Kf4 64. Ke2 Nf5 65. Kd3 Nd6 66. Ke2 Nf5 67. Kd3 Kxf3 68. Kc4 Ne7 69. Kxc5 1/2-1/2